Map: Frozen Temple

Players

Effervescent - Winner!

  • Race: Terran Terran
  • League: Master

Miszu

  • Race: Zerg Zerg
  • League: Master

VOD

Have the link to the VOD?

Description

Time

  • Played on: April 1, 2016, 4:29 p.m.
  • Length: 8:20
Show
View Real Time Build Order
Export as new Build Order

Effervescent Terran - Winner!

Build Orders: Reaper Expand, MMM Bio 

Get SALT Encoding   

  12  0:00  SCV  
  13  0:13  SCV  
  14  0:17  Supply Depot  
  14  0:25  SCV  
  15  0:39  Barracks, SCV  
  16  0:45  Refinery  
  16  0:51  SCV  
  17  1:03  SCV  
  18  1:15  SCV  
  19  1:28  Reaper  
  19  1:29  Orbital Command  
  20  1:42  Command Center  
  20  1:55  SCV  
  20  1:58  Supply Depot  
  20  2:01  Barracks Reactor  
  21  2:07  SCV  
  22  2:10  Barracks  
  22  2:22  SCV  
  23  2:37  SCV  
  23  2:40  Refinery, Barracks  
  23  2:42  Marine x2  
  26  2:49  SCV  
  27  2:58  Orbital Command  
  27  3:00  Barracks Tech Lab  
  27  3:03  Factory  
  27  3:05  SCV  
  28  3:09  Marine  
  28  3:10  Marine  
  30  3:18  SCV  
  31  3:21  Marine, Stimpack  
  31  3:25  SCV  
  33  3:30  SCV  
  33  3:32  Marine x3  
  37  3:39  SCV  
  37  3:40  Supply Depot  
  38  3:45  Marine  
  39  3:50  Starport, Marine  
  39  3:51  Factory Reactor  
  40  3:58  Marine x2  
  40  4:02  SCV x2  
  44  4:03  Marine  
  44  4:05  Supply Depot  
  45  4:10  Marine  
  45  4:14  SCV x2  
  45  4:16  Marine  
  49  4:17  Marine  
  49  4:26  Marine  
  49  4:28  Marine  
  51  4:33  Supply Depot, Medivac x2, Factory Tech Lab  
  51  4:35  SCV x2  
  57  4:38  Marine x2  
  57  4:43  Marine  
  60  4:46  Marine  
  60  4:47  SCV  
  62  4:54  Command Center  
  62  4:55  SCV  
  63  5:02  Barracks Reactor, Marine x2  
  63  5:04  Marine  
  63  5:06  Siege Tank  
  69  5:08  SCV  
  70  5:15  Supply Depot  
  70  5:16  Supply Depot  
  70  5:19  Refinery  
  70  5:22  Refinery  
  70  5:33  SCV  
  67  5:37  Marine x3  
  67  5:38  Combat Shields  
  67  5:39  Siege Tank  
  67  5:41  Engineering Bay x2  
  71  5:43  SCV  
  71  5:46  SCV  
  73  5:52  Marine x2  
  73  5:55  Marine x2  
  77  6:00  SCV x2  
  75  6:13  Marine x5, Siege Tank  
  75  6:17  Terran Infantry Weapons Level 1, Terran Infantry Armor Level 1  
  83  6:27  SCV x2  
  83  6:31  Supply Depot  
  83  6:32  Supply Depot  
  85  6:35  Orbital Command  
  85  6:38  Marine x3  
  85  6:39  Marine x2  
  90  6:45  Supply Depot  
  90  6:55  Barracks x2, SCV  
  90  6:56  Marine x2  
  93  7:02  Siege Tank  
  93  7:06  Supply Depot, SCV x2  
  93  7:07  SCV  
  99  7:11  Bunker  
  99  7:29  Marine  
  98  7:30  Marine x4  
  98  7:32  SCV x3  
  98  7:34  Medivac x2  
  109  7:38  Armory  
  107  8:01  Marine x4  
  107  8:02  Marine  
  107  8:04  Barracks Reactor x2  
Show
View Real Time Build Order
Export as new Build Order

Miszu Zerg 

Build Orders: Hatch First, Muta Ling Bane 

Get SALT Encoding   

  12  0:00  Drone  
  13  0:08  Drone  
  14  0:20  Overlord  
  14  0:23  Extractor  
  14  0:24  Drone  
  15  0:38  Drone x2  
  17  0:53  Hatchery  
  16  0:59  Drone  
  16  1:03  Extractor  
  16  1:04  Drone  
  17  1:13  Drone  
  18  1:21  Spawning Pool  
  18  1:23  Drone  
  18  1:37  Drone  
  19  1:50  Overlord  
  19  1:52  Drone  
  20  2:08  Queen x2  
  24  2:09  Zergling x4  
  24  2:11  Zergling x2  
  27  2:23  Metabolic Boost  
  27  2:25  Drone x2  
  27  2:29  Drone  
  29  2:31  Drone  
  30  2:38  Drone  
  31  2:47  Queen  
  33  2:54  Spore Crawler  
  32  3:00  Queen  
  32  3:05  Overlord  
  35  3:07  Drone  
  36  3:22  Overlord  
  36  3:24  Drone x4  
  36  3:25  Drone x2  
  42  3:30  Drone x2  
  44  3:36  Lair  
  44  3:39  Overlord  
  44  3:59  Drone x8  
  52  4:05  Baneling Nest, Drone  
  52  4:07  Extractor  
  52  4:08  Extractor  
  50  4:16  Extractor  
  49  4:17  Drone x5  
  53  4:25  Zergling x2  
  54  4:32  Overlord  
  54  4:43  Overlord  
  54  4:44  Zergling x8  
  54  4:45  Spire  
  57  4:57  Baneling  
  57  4:58  Centrifical Hooks, Baneling x2  
  57  4:59  Zergling x4  
  62  5:00  Zergling x6  
  62  5:02  Drone  
  62  5:03  Evolution Chamber  
  62  5:04  Drone  
  63  5:08  Evolution Chamber  
  63  5:14  Drone x2  
  64  5:16  Baneling x4  
  57  5:43  Zergling x2  
  57  5:44  Zergling x12  
  57  5:49  Queen  
  64  5:51  Zergling x2  
  64  5:52  Overlord x2  
  64  5:53  Overlord  
  64  5:56  Mutalisk  
  66  6:04  Zergling x2  
  64  6:17  Mutalisk  
  64  6:18  Mutalisk x2  
  66  6:20  Zerg Flyer Weapons Level 1  
  66  6:22  Zerg Melee Weapons Level 1, Mutalisk, Zerg Ground Armor Level 1  
  72  6:25  Baneling  
  72  6:28  Hatchery  
  72  6:32  Baneling  
  71  6:33  Baneling x2  
  71  6:35  Overlord  
  71  6:43  Mutalisk  
  73  6:53  Mutalisk  
  74  7:01  Drone x7  
  81  7:20  Extractor x2  
  81  7:21  Zergling x4  
  81  7:22  Zergling x10  
  82  7:30  Zergling x4  
  82  7:35  Zergling x4  
  85  7:45  Hatchery  
  85  7:49  Zergling x12  
  85  7:51  Zergling x2  
  79  7:58  Zergling x2  
  79  8:01  Zergling x2  
  79  8:03  Zergling x2  
Tags
 
Add a new tag
Caveats
  • Supply blocks, unpowered buildings, or Contaminate may cause inaccurate times.
  • Supply counts are checked every 10 seconds.